 Dungeon Crawl Stone Soup version 0.24.0-35-gdb84b6a5db (webtiles) character file.

Game seed: 13565717147358092756, levelgen mode: deterministic

138882 Johnny the Fencer (level 16, -6/261 HPs)
             Began as a Troll Berserker on Nov 17, 2019.
             Was a Priest of Trog.
             Mangled by an orc warrior
             ... wielding a +0 dire flail
              (35 damage)
             ... on level 2 of the Elven Halls.
             The game lasted 00:43:25 (26052 turns).

Johnny the Fencer (Troll Berserker)                Turns: 26052, Time: 00:43:26

Health: -6/261     AC: 11    Str: 43    XL:     16   Next: 72%
Magic:  0/24       EV: 10    Int:  7    God:    Trog [***...]
Gold:   610        SH:  0    Dex:  9    Spells: 13/15 levels left

rFire    + . .     SeeInvis .   I - +7 captain's cutlass {speed, disarm}
rCold    . . .     Gourm    +   (no shield)
rNeg     . . .     Faith    .   K - +0 troll leather armour
rPois    .         Spirit   +   T - +2 hat {MR+}
rElec    .         Reflect  .   p - +0 cloak
rCorr    +         Harm     .   (gloves unavailable)
MR       ++++.                  (boots unavailable)
Stlth    ..........             M - amulet of guardian spirit
HPRegen  1.33/turn              l - ring "Etsed" {rF+ rCorr}
MPRegen  0.19/turn              D - ring "Fiocsauneck" {*Drain MR++ MP+9 Str+4 Int+4}

@: berserking, very quick
A: large, unfitting armour, claws 3, fast metabolism 3, gourmand, regeneration
1, shaggy fur 1, tough skin 3
a: Berserk, Trog's Hand, Renounce Religion


You were on level 2 of the Elven Halls.
You worshipped Trog.
Trog was most pleased with you.
You were very full.

You visited 6 branches of the dungeon, and saw 27 of its levels.
You also visited: Ossuary and Ice Cave.

You collected 4489 gold pieces.
You spent 3879 gold pieces at shops.

Inventory:

Hand Weapons
 I - the +7 captain's cutlass (weapon) {speed, disarm}
   (You found it on level 11 of the Dungeon)

   Attacks with this weapon are significantly faster.
 P - a +8 antimagic triple sword
 R - a +8 scimitar of flaming
 S - the +8 great sword of Qurihoam {slice, MR+}
   (You found it on level 2 of the Elven Halls)

   It inflicts extra damage upon your enemies.
   It affects your resistance to hostile enchantments.
 Y - the +8 lajatang "Grim Tooth" {elec, rN+ Dex-4 Stlth+, unknown}
   (You found it on level 5 of the Lair of Beasts)

   Occasionally, upon striking a foe, it will discharge some electrical energy
   and cause terrible harm.
   It affects your dexterity (-4).
   It protects you from negative energy.
   It makes you more stealthy.
Missiles
 G - 2 throwing nets (quivered)
 L - 149 arrows
Armour
 p - a +0 cloak (worn)
 C - +0 ice dragon scales
 K - a +0 troll leather armour (worn)
 N - the +5 swamp dragon scales of Vlad {-Tele rPois rC+ rCorr Str+10}
   (You bought it in a shop on level 2 of the Orcish Mines)

   It affects your strength (+10).
   It protects you from cold.
   It protects you from poison.
   It prevents most forms of teleportation.
   It provides partial protection from all sources of acid and corrosion.
 T - a +2 hat of magic resistance (worn)
Jewellery
 i - an uncursed amulet of rage
 l - the ring "Etsed" (left claw) {rF+ rCorr}
   (You bought it in a shop on level 1 of the Elven Halls)

   [ring of resist corrosion]

   It protects you from fire.
   It provides partial protection from all sources of acid and corrosion.
 D - the ring "Fiocsauneck" (right claw) {*Drain MR++ MP+9 Str+4 Int+4}
   (You bought it in a shop on level 1 of the Elven Halls)

   [ring of magical power]

   It affects your strength (+4).
   It affects your intelligence (+4).
   It affects your resistance to hostile enchantments.
   It affects your magic capacity (+9).
   It causes draining when unequipped.
 M - an amulet of guardian spirit (around neck)
 U - the ring of Scepticism {rC+ Stlth+}
   (You found it in an ice cave)

   [ring of stealth]

   It protects you from cold.
   It makes you more stealthy.
Wands
 a - a wand of random effects (23)
 j - a wand of polymorph (8)
 t - a wand of flame (68)
 H - a wand of acid (1)
Scrolls
 b - 2 scrolls of silence
 g - 5 scrolls of enchant armour
 k - a scroll of vulnerability
 m - 6 scrolls of immolation
 q - 4 scrolls of noise {unknown}
 s - 9 scrolls of teleportation
 u - 11 scrolls of remove curse
 v - 5 scrolls of fog
 w - 5 scrolls of blinking
 y - 2 scrolls of brand weapon
 B - 3 scrolls of magic mapping
 Q - a scroll of enchant weapon
Potions
 d - 7 potions of heal wounds
 e - a potion of agility
 f - a potion of berserk rage
 h - 3 potions of haste
 n - 5 potions of might
 o - 7 potions of curing
 r - a potion of resistance {unknown}
 x - 5 potions of lignification
 z - 6 potions of degeneration
 A - a potion of ambrosia
 E - a potion of invisibility
 J - 5 potions of brilliance
 O - a potion of flight
Comestibles
 c - 42 rations


   Skills:
 + Level 14.6 Fighting
 * Level 18.9 Long Blades
 - Level 2.4 Dodging
 + Level 6.5 Translocations


You had 13 spell levels left.
You knew the following spells:

 Your Spells              Type           Power        Failure   Level  Hunger
a - Blink                 Tloc           N/A          4%          2    ###....

Your spell library contained the following spells:

 Spells                   Type           Power        Failure   Level  Hunger
 Animate Skeleton         Necr           N/A          45%         1    ##.....
 Magic Dart               Conj           #...         45%         1    ##.....
 Pain                     Necr           #...         45%         1    ##.....
 Sting                    Conj/Pois      #...         45%         1    ##.....
 Summon Butterflies       Summ           #.......     45%         1    ##.....
 Call Imp                 Summ           #.......     58%         2    ###....
 Poisonous Vapours        Pois/Air       #.....       58%         2    ###....
 Slow                     Hex            #.......     58%         2    ###....
 Call Canine Familiar     Summ           #.......     83%         3    ####...
 Conjure Flame            Conj/Fire      #.......     83%         3    ####...
 Ignite Poison            Fire/Tmut/Pois #.......     83%         3    ####...
 Mephitic Cloud           Conj/Pois/Air  #.......     83%         3    ####...
 Regeneration             Chrm/Necr      #.........   83%         3    ####...
 Vampiric Draining        Necr           #.........   83%         3    ####...
 Animate Dead             Necr           N/A          99%         4    #####..
 Leda's Liquefaction      Hex/Erth       #.........   99%         4    #####..
 Olgreb's Toxic Radiance  Pois           #.......     99%         4    #####..
 Summon Ice Beast         Ice/Summ       #.......     99%         4    #####..
 Bolt of Magma            Conj/Fire/Erth #.........   100%        5    ######.
 Fireball                 Conj/Fire      #.........   100%        5    ######.
 Irradiate                Conj/Tmut      #.........   100%        5    ######.
 Summon Mana Viper        Hex/Summ       #.......     100%        5    ######.
 Venom Bolt               Conj/Pois      #.........   100%        5    ######.
 Bolt of Fire             Conj/Fire      #.........   100%        6    #######
 Hydra Form               Tmut           #.........   100%        6    #######
 Iron Shot                Conj/Erth      #.........   100%        6    #######
 Statue Form              Tmut/Erth      #........    100%        6    #######
 Dragon Form              Tmut           #.........   100%        7    #######
 Ring of Flames           Chrm/Fire      #.........   100%        7    #######
 Summon Hydra             Summ           #.........   100%        7    #######
 Ignition                 Fire           #.........   100%        8    #######
 Shatter                  Erth           #.........   100%        9    #######


Dungeon Overview and Level Annotations

Branches:
Dungeon (15/15)            Temple (0/1) D:4            Lair (6/6) D:10
  Swamp (1/4) Lair:2       Spider (1/4) Lair:3        Slime (0/5) Lair:6
    Orc (2/2) D:12            Elf (2/3) Orc:2        Vaults (0/5) D:13
 Depths (0/5) D:15        Ossuary (visited)           IceCv (visited)

Altars:
Cheibriados
Kikubaaqudgha
Nemelex Xobeh
Okawaru
Qazlal
Trog
Vehumet
Wu Jian
The Shining One
Jiyva

Shops:
D:9 (   D:15 ?   Orc:2 [:*:[?*(   Elf:1 =}=   Elf:2 }

Annotations:
D:13 exclusion: ice statue
Elf:2 3 runed translucent doors


Innate Abilities, Weirdness & Mutations

You are too large for most types of armour.
You have claws for hands.
Your metabolism is lightning-fast.
You like to eat raw meat.
Your natural rate of healing is unusually fast.
You are covered in fur. (AC +1)
You have extremely tough skin. (AC +3)


Message History

You puncture the orc knight!
The orc knight is almost dead.
The orc knight hits you!!
* * * LOW HITPOINT WARNING * * *
Unknown command.
You barely miss the orc knight.
The orc knight is almost dead.
Unknown command.
A red film seems to cover your vision as you go berserk!
You feel yourself moving faster!
You feel mighty!
You feel a lot less full.
The orc knight roars a battlecry!
The orc warrior goes into a battle-frenzy!
You skewer the orc knight like a kebab!!!
You kill the orc knight!
Trog accepts your kill.
Trog doesn't appreciate your training magic!
You feel a little guilty.
Trog doesn't appreciate your training magic!
The orc warrior hits you with a +0 dire flail!!!
You die...

#)##'## #.......#
####...## #[###.##
#....>..###.#....).
#)# ##.##
##########.#...#.#.
#)# ##.## ##.#..###.
#># ##.## ##...#..#..
#.#######)##
##.).....#.. ##)#....
##)## ##.#.##...#..
#.†#oooo ##)##
##.##..#######
###..#oooo
##@###'###.##...#..
#(...#oooo
#####o...###......#..
#....#


ooo #...'.....##...#..#.. #....## #.##?###.....###.#.)###. ###...# #.o).#
#.....##.#...#.#. #...# ###### ##...####.#...... ##### ##### #####+++# #...#
++#++ You could see an orc warrior.

Vanquished Creatures
  Rupert (Orc:2)
  Kirke (Lair:5)
  Roxanne (Elf:2)
  An orc warlord (Elf:2)
  Louise (Swamp:1)
  Nessos (D:14)
  A deep elf annihilator (Elf:2)
  A dire elephant (D:15)
  Snorg (Lair:5)
  Josephine (D:11)
  A deep elf high priest (Elf:1)
  A rakshasa (D:15)
  The ghost of Oquotz the Blocker, a journeyman FoFi of Okawaru (D:10)
  7 hydras
  A shambling mangrove (Lair:5)
  3 ice dragons
  A centaur warrior (D:15)
  A catoblepas (Lair:4)
  3 alligators
  4 two-headed ogres
  5 death yaks (Lair:5)
  10 dancing weapons
  A tengu warrior (D:15)
  An orc high priest (Orc:2)
  10 deep elf knights
  A fire crab (shapeshifter) (Elf:1)
  2 unseen horrors
  4 lindwurms (Lair:5)
  9 deep elf archers
  4 orc knights
  4 orb spiders (Spider:1)
  3 orc sorcerers (Orc:2)
  3 ugly things
  6 wolf spiders
  A wolf spider zombie (D:13)
  50 deep elf magi
  3 cyclopes
  2 manticores
  A salamander (D:15)
  2 ice statues (IceCv)
  9 black mambas
  6 elephants
  2 gargoyles
  9 spiny frogs
  2 demonic crawlers (Spider:1)
  3 kobold demonologists
  8 rime drakes
  6 komodo dragons
  2 efreet
  3 meliai (D:15)
  9 trolls
  2 tengu conjurers
  3 jumping spiders
  5 hornets
  A polar bear (Lair:4)
  A bog body (Swamp:1)
  12 slime creatures
  A raiju (Lair:5)
  4 dream sheep (Lair:6)
  12 hippogriffs
  A water elemental (Elf:2)
  A spriggan (D:8)
  Sigmund (D:3)
  7 redbacks (Spider:1)
  A shadow (D:12)
  An air elemental (Elf:2)
  8 tarantellas (Spider:1)
  8 wyverns
  2 hogs
  31 yaks
  3 wraiths
  16 basilisks
  3 hungry ghosts
  5 vampire mosquitoes
  3 insubstantial wisps (Swamp:1)
  A swamp worm (Swamp:1)
  A warg (Orc:1)
  An acid dragon (D:15)
  A soldier ant (shapeshifter) (D:13)
  9 water moccasins
  8 porcupines
  4 swamp drakes (Swamp:1)
  17 orc warriors
  16 ice beasts
  2 black bears
  4 sky beasts
  An eye of draining (D:9)
  4 phantoms
  6 ogres
  8 wolves
  11 centaurs
  12 crocodiles
  An earth elemental (Elf:2)
  12 bullfrogs
  A gnoll sergeant (D:9)
  2 wyvern zombies
  A wyvern skeleton (D:11)
  A water moccasin zombie (D:11)
  A water moccasin skeleton (D:5)
  10 scorpions
  5 killer bees (D:10)
  8 wights
  An electric eel (Lair:4)
  9 howler monkeys
  A spectral bullfrog (D:10)
  8 crimson imps
  A bullfrog zombie (D:6)
  8 centaur zombies
  19 jellies
  A quasit (D:9)
  2 human zombies (Ossuary)
  6 hounds
  15 orc priests
  5 centaur skeletons
  A bullfrog skeleton (D:10)
  4 iguanas
  15 orc wizards
  15 worker ants
  2 big kobold zombies (Ossuary)
  3 hound zombies
  2 mummies (Ossuary)
  3 hound skeletons
  2 howler monkey zombies
  13 adders
  8 gnolls
  3 shadow imps
  14 oozes
  An adder zombie (Ossuary)
  An adder skeleton (D:9)
  6 worms
  A dart slug (D:4)
  7 leopard geckos
  56 orcs
  A ball python (D:1)
  7 giant cockroaches
  6 goblins
  8 hobgoblins
  5 jackals
  13 kobolds
  5 quokkas
  11 bats
  5 frilled lizards
  A goblin zombie (Ossuary)
  11 hobgoblin zombies (Ossuary)
  A jackal skeleton (D:6)
  A jackal zombie (Ossuary)
  13 kobold zombies (Ossuary)
  3 orc zombies (Ossuary)
  11 rats
  A rat zombie (Ossuary)
830 creatures vanquished.

Vanquished Creatures (collateral kills)
  2 hydras (D:12)
  2 centaur warriors (D:12)
  2 orc high priests (Orc:2)
  Nergalle (D:11)
  3 orc knights (Orc:2)
  A troll (D:12)
  A meliai zombie (D:11)
  A wyvern (D:12)
  3 wraiths (D:11)
  A vampire (D:12)
  A vampire mosquito (D:12)
  2 wargs (Orc:2)
  A soldier ant (D:11)
  2 orc warriors
  2 ogres
  A wyvern skeleton (D:11)
  5 killer bees (D:11)
  A crimson imp (D:12)
  5 orc priests
  3 orc wizards
  An iguana (D:11)
  8 orcs
  A goblin (Orc:1)
  A kobold (Orc:1)
51 creatures vanquished.

Vanquished Creatures (others)
  A redback (Spider:1)
  A water moccasin (D:15)
  9 fungi
  9 plants
20 creatures vanquished.

Grand Total: 901 creatures vanquished

Notes
Turn   | Place    | Note
-------+----------+-------------------------------------------
     0 | D:1      | Johnny the Troll Berserker began the quest for the Orb.
     0 | D:1      | Reached XP level 1. HP: 22/22 MP: 0/0
    63 | D:1      | Reached XP level 2. HP: 28/29 MP: 1/1
   262 | D:1      | Reached skill level 3 in Long Blades
   764 | D:2      | Reached XP level 3. HP: 34/36 MP: 2/2
   833 | D:2      | Reached ** piety under Trog
  1129 | D:2      | Reached XP level 4. HP: 39/45 MP: 3/3
  1319 | D:2      | Found an ornate altar of the Wu Jian Council.
  1731 | D:3      | Reached skill level 4 in Long Blades
  1782 | D:3      | Reached XP level 5. HP: 51/53 MP: 4/4
  1975 | D:3      | Noticed Sigmund
  2015 | D:3      | Killed Sigmund
  2015 | D:3      | Reached skill level 5 in Long Blades
  2015 | D:3      | Reached XP level 6. HP: 59/62 MP: 5/5
  2024 | D:3      | Reached *** piety under Trog
  2347 | D:3      | You fall into a shaft and drop 3 floors!
  2357 | D:5      | Entered Level 5 of the Dungeon
  2415 | D:5      | Reached XP level 7. HP: 36/70 MP: 6/6
  2640 | D:4      | Found a staircase to the Ecumenical Temple.
  2794 | D:3      | Found a stormy altar of Qazlal.
  2936 | D:4      | Reached skill level 6 in Long Blades
  3189 | D:4      | Found a glowing golden altar of the Shining One.
  3555 | D:5      | Found a radiant altar of Vehumet.
  3639 | D:5      | Reached **** piety under Trog
  3935 | D:5      | Reached skill level 5 in Fighting
  3935 | D:5      | Reached XP level 8. HP: 58/80 MP: 7/7
  3951 | D:5      | Reached skill level 7 in Long Blades
  4570 | D:6      | Reached skill level 8 in Long Blades
  4821 | D:7      | Reached XP level 9. HP: 52/89 MP: 8/8
  4900 | D:7      | Found a sand-covered staircase.
  4909 | Ossuary  | Entered an ossuary
  5069 | Ossuary  | Reached ***** piety under Trog
  5482 | D:7      | Reached skill level 9 in Long Blades
  5583 | D:7      | Found a snail-covered altar of Cheibriados.
  5586 | D:7      | Found a sparkling altar of Nemelex Xobeh.
  5589 | D:7      | Found an ancient bone altar of Kikubaaqudgha.
  6046 | D:8      | Reached skill level 10 in Long Blades
  6216 | D:8      | Noticed a moth of wrath
  6219 | D:8      | Found a bloodstained altar of Trog.
  6510 | D:9      | Found an iron altar of Okawaru.
  6521 | D:9      | Reached XP level 10. HP: 102/102 MP: 9/9
  6555 | D:9      | Found Pagavini's Antique Weapon Boutique.
  6769 | D:9      | Received a gift from Trog
  6850 | D:9      | Reached skill level 11 in Long Blades
  7315 | D:9      | You fall into a shaft and drop 1 floor!
  7315 | D:10     | Entered Level 10 of the Dungeon
  7406 | D:10     | Found a staircase to the Lair.
  7477 | D:10     | Noticed an elephant
  7588 | D:10     | Got an ancient steel ring
  7645 | D:10     | Identified the cursed ring "Bocusounk" {+Blink rPois MR-
                  | Int-2} (You found it on level 10 of the Dungeon)
  7776 | D:10     | Killed an elephant
  7785 | D:10     | Reached XP level 11. HP: 104/113 MP: 10/10
  7869 | D:10     | Found a runed translucent gate.
  7870 | D:10     | Found a runed translucent gate.
  7870 | D:10     | Found a runed translucent gate.
  7920 | D:10     | Noticed Oquotz's ghost (journeyman FoFi)
  8044 | D:10     | Killed Oquotz's ghost
  8050 | D:10     | Reached skill level 12 in Long Blades
  8514 | D:11     | Found the +0 pair of fencer's gloves {Riposte Dex+3}
  8660 | D:11     | Found the +7 captain's cutlass {speed, disarm}
  8762 | D:11     | Noticed Josephine
  8775 | D:11     | Noticed Nergalle
  8776 | D:11     | Killed Josephine
  8880 | D:11     | Killed Nergalle
  8880 | D:11     | Reached skill level 10 in Fighting
  9000 | D:11     | HP: 3/117 [something (9)]
  9400 | D:11     | Killed an unseen horror
 10063 | D:12     | Found a staircase to the Orcish Mines.
 10215 | D:12     | Noticed a sun demon
 10241 | D:12     | Noticed a five-headed hydra
 10256 | D:12     | Noticed a centaur warrior
 10257 | D:12     | Killed a six-headed hydra
 10261 | D:12     | Killed a centaur warrior
 10261 | D:12     | Reached XP level 12. HP: 60/127 MP: 11/11
 10264 | D:12     | Reached skill level 13 in Long Blades
 10270 | D:12     | Noticed a centaur warrior
 10272 | D:12     | Noticed a six-headed hydra
 10273 | D:12     | Killed a six-headed hydra
 10276 | D:12     | Killed a centaur warrior
 11091 | D:13     | Noticed an eight-headed hydra
 11100 | D:13     | Killed a three-headed hydra
 11100 | D:13     | Reached ****** piety under Trog
 11144 | D:13     | Found a gate to the Vaults.
 11706 | D:14     | Received a gift from Trog
 11757 | D:14     | Reached skill level 14 in Long Blades
 11817 | D:14     | Noticed Nessos
 11932 | D:14     | HP: 5/130 [cyclops/large rock (30)]
 12120 | D:14     | Noticed a two-headed ogre
 12126 | D:14     | Killed a two-headed ogre
 12501 | D:14     | Noticed a two-headed ogre
 12515 | D:14     | Killed a two-headed ogre
 12567 | D:14     | Killed Nessos
 12567 | D:14     | Reached XP level 13. HP: 137/137 MP: 12/12
 13416 | D:15     | Entered Level 15 of the Dungeon
 13879 | D:15     | Received a gift from Trog
 13896 | D:15     | Reached skill level 15 in Long Blades
 14247 | D:15     | Found Hejeosea's Magic Scroll Shop.
 14253 | D:15     | Bought a scroll of identify for 36 gold pieces
 14253 | D:15     | Bought a scroll of blinking for 135 gold pieces
 14253 | D:15     | Bought a scroll of enchant armour for 135 gold pieces
 14253 | D:15     | Bought a scroll of identify for 36 gold pieces
 14253 | D:15     | Bought a scroll of identify for 36 gold pieces
 14253 | D:15     | Bought a scroll of teleportation for 54 gold pieces
 14253 | D:15     | Bought a scroll of identify for 36 gold pieces
 14253 | D:15     | Bought a scroll of enchant armour for 135 gold pieces
 14420 | D:15     | Found a staircase to the Depths.
 14420 | D:15     | Noticed a dire elephant
 14430 | D:15     | Killed a dire elephant
 14618 | Orc:1    | Entered Level 1 of the Orcish Mines
 14901 | Orc:2    | Entered Level 2 of the Orcish Mines
 14901 | Orc:2    | Found a staircase to the Elven Halls.
 14905 | Orc:2    | Noticed Rupert
 14919 | Orc:2    | Killed Rupert
 14920 | Orc:2    | Found Ylocy's Jewellery Boutique.
 15163 | Orc:1    | Found a bloodstained altar of Trog.
 15370 | Orc:2    | Found Nior Sei's Book Shoppe.
 15386 | Orc:2    | Found Qycauc's Assorted Antiques.
 15394 | Orc:2    | Bought a scroll of identify for 46 gold pieces
 15394 | Orc:2    | Bought a scroll of fog for 46 gold pieces
 15397 | Orc:2    | Found Faxat's Book Boutique.
 15498 | Orc:2    | Found Waanwot's Antique Armour Boutique.
 15506 | Orc:2    | Bought a runed hat for 161 gold pieces
 15506 | Orc:2    | Bought an embroidered hat for 161 gold pieces
 15749 | Orc:2    | Received a gift from Trog
 15752 | Orc:2    | Reached XP level 14. HP: 149/150 MP: 8/13
 15765 | Orc:2    | Reached skill level 16 in Long Blades
 15798 | Orc:2    | Found Suddidemp's Armour Shop.
 15798 | Orc:2    | Found Loagul's Weapon Shoppe.
 15800 | Orc:2    | Found Zenel's Magic Scroll Shop.
 15800 | Orc:2    | Found Kyfoj's Assorted Antiques.
 15808 | Orc:2    | Bought a scroll of enchant weapon for 135 gold pieces
 15808 | Orc:2    | Bought a scroll of magic mapping for 63 gold pieces
 15808 | Orc:2    | Bought a scroll of identify for 36 gold pieces
 15808 | Orc:2    | Bought a scroll of identify for 36 gold pieces
 15813 | Orc:2    | Bought a +0 long sword of protection for 99 gold pieces
 16038 | Lair:1   | Entered Level 1 of the Lair of Beasts
 17342 | Lair:2   | Found a staircase to the Swamp.
 17569 | Lair:2   | Was placed under penance by Trog
 17572 | Lair:2   | Learned a level 2 spell: Blink
 17975 | Lair:3   | Found a hole to the Spider Nest.
 18618 | Lair:4   | Was forgiven by Trog
 18897 | Lair:4   | Found a frozen archway.
 18927 | IceCv    | Entered an ice cave
 18933 | IceCv    | Reached skill level 1 in Translocations
 19177 | IceCv    | Received a gift from Trog
 19177 | IceCv    | Reached skill level 17 in Long Blades
 19190 | IceCv    | Got a wavering steel ring
 19205 | IceCv    | Got a steaming platinum ring
 19395 | IceCv    | Identified the ring of Scepticism {rC+ Stlth+} (You found
                  | it in an ice cave)
 19397 | IceCv    | Identified the ring of Adellua {*Tele rC- rN+ Int+3} (You
                  | found it in an ice cave)
 19518 | Lair:4   | You fall into a shaft and drop 2 floors!
 19518 | Lair:6   | Entered Level 6 of the Lair of Beasts
 19557 | Lair:6   | Got a fine hand axe
 19598 | Lair:6   | Found a staircase to the Slime Pits.
 19599 | Lair:6   | Found a viscous altar of Jiyva.
 19625 | Lair:6   | Paralysed by a hornet for 1 turns
 19986 | Lair:5   | Reached XP level 15. HP: 112/161 MP: 9/14
 20046 | Lair:5   | Noticed Snorg
 20055 | Lair:5   | Killed Snorg
 20171 | Lair:5   | Noticed Sonja
 20172 | Lair:5   | Noticed Sonja
 20172 | Lair:5   | Sonja changed into Sonja the human
 20177 | Lair:5   | Noticed Kirke
 20400 | Lair:5   | Killed Kirke
 20773 | Lair:5   | Got a pitted lajatang
 20777 | Lair:5   | Was placed under penance by Trog
 20921 | Lair:5   | Noticed Sonja
 20921 | Lair:5   | Sonja the human changed into Sonja the spriggan
 20922 | Lair:5   | Noticed Sonja
 20922 | Lair:5   | Sonja the spriggan changed into Sonja the raiju
 20928 | Lair:5   | Killed Sonja the raiju
 21001 | Lair:4   | Was forgiven by Trog
 21882 | Orc:2    | Bought the +5 swamp dragon scales of Vlad {-Tele rPois rC+
                  | rCorr Str+10} for 1284 gold pieces
 22113 | Spider:1 | Entered Level 1 of the Spider Nest
 23188 | Swamp:1  | Entered Level 1 of the Swamp
 23230 | Swamp:1  | Noticed Louise
 23243 | Swamp:1  | Killed Louise
 23657 | Elf:1    | Entered Level 1 of the Elven Halls
 23685 | Orc:2    | Reached skill level 18 in Long Blades
 23989 | Elf:1    | Found Wuxkodua's Jewellery Shop.
 23992 | Elf:1    | Found Ciwavac's Gadget Shoppe.
 23995 | Elf:1    | Found Miposaaj's Jewellery Shop.
 24005 | Elf:1    | Identified 2 scrolls of acquirement
 24018 | Elf:1    | Bought the ring "Fiocsauneck" {*Drain MR++ MP+9 Str+4
                  | Int+4} for 699 gold pieces
 24035 | Elf:1    | Bought the ring "Etsed" {rF+ rCorr} for 510 gold pieces
 24076 | Elf:1    | Reached skill level 5 in Translocations
 24387 | Elf:1    | Reached XP level 16. HP: 172/172 MP: 15/15
 24436 | Elf:1    | Identified the +8 hand axe of Meletocuo {chop, *Noise Int+3
                  | SInv} (You found it on level 6 of the Lair of Beasts)
 25090 | Elf:2    | Noticed Roxanne
 25112 | Elf:2    | Killed Roxanne
 25367 | Elf:2    | Identified the +8 great sword of Qurihoam {slice, MR+}
 25497 | Elf:2    | Found Jaekalle's Gadget Shop.
 25623 | Elf:2    | Found a runed translucent gate.
 25623 | Elf:2    | Found a runed translucent gate.
 25624 | Elf:2    | Found a runed translucent gate.
 26052 | Elf:2    | Mangled by an orc warrior

Levels and vault maps discovered:
D:1:      sevenhm_arrival_forest_fort_small_6, layout_basic, serial_forest,
          infiniplex_forest_lined_room_2, infiniplex_forest_clump_double,
          infiniplex_forest_end_2, infiniplex_forest_lined_2
D:2:      layout_basic, nicolae_overflow_crystal_walls
D:3:      layout_loops_cross, nicolae_qazlal_eye_of_the_storm,
          chequers_serial_rivers_small_a, uniq_sigmund
D:4:      layout_cave_pods, nicolae_tso_swordbearing_angel,
          minmay_temple_entry_nine_rooms, minmay_diced_spiral
D:5:      layout_basic, vehumet_altar_wand_db, first_ration,
          minmay_misc_feat_more_columns
D:6:      layout_loops_cross
D:7:      layout_basic, grunt_temple_overflow_diamond,
          nicolae_ossuary_entry_ruins
D:8:      layout_cave_pools, tgw_trog, the_bakery
D:9:      kennysheep_ambush_hall, layout_irregular_city,
          kennysheep_okawaru_gauntlet, serial_shops, shop
D:10:     layout_roguey, david_lair_generic, gammafunk_ghost_necromancy,
          nrook_mini_backslash
D:11:     layout_small_grid, uniq_nergalle, uniq_josephine
D:12:     minmay_triangles_in_corner, layout_basic, orc_david_3
D:13:     layout_irregular_city, david_vaults_4, minivault_15
D:14:     layout_layer_cave, hangedman_abyss_or_decor_stabs, uniq_nessos
D:15:     hangedman_depths_entry_try_elsewhere_first, layout_irregular_city,
          minmay_misc_feat_four_crosses, serial_shops, shop_statue
Lair:1:   layout_cave_pods, chequers_serial_rivers_room_a,
          small_statue_intersection, minivault_25
Lair:2:   layout_cave_pods, minmay_swamp_entry_reptiles, grunt_megastairs_4,
          serial_bayou_shore_b, infiniplex_staircase_pool_2
Lair:3:   layout_small_grid, spider_nest_entry_rubble, lemuel_fruit_tree
Lair:4:   layout_gridlike, special_room [special_room_mythical_zoo],
          portal_ice_cave_entry_animals_and_master
Lair:5:   lemuel_slime, layout_regular_city, minmay_lindwurm_lava, uniq_kirke,
          uniq_sonja, uniq_snorg
Lair:6:   hangedman_lair_tendril_chambers, layout_gridlike, slime_altar_1,
          chequers_serial_rivers_micro_d, nicolae_lair_grove_arrangements,
          minmay_lair_oklob_chamber, lemuel_fruit_fields
Swamp:1:  layout_basic_swamp, evilmike_swamp_ruin_house_6, uniq_louise
Spider:1: layout_spider_delve, uniq_nikola
Orc:1:    layout_caves, trog_hazing_becter
Orc:2:    grunt_orc_tribal_feast, layout_caves, serial_shops, shop, shop,
          nicolae_shop_trees, shop_fountains, shop, uniq_rupert
Elf:1:    elf_arrival_002, layout_loops_cross, kennysheep_underground_church,
          minmay_shop_grove
Elf:2:    layout_geoelf_grid, special_room [special_room_orc], serial_shops,
          nicolae_shop_window_shopping, uniq_roxanne

Skill      XL: |  1  2  3  4  5  6  7  8  9 10 11 12 13 14 15 16 |
---------------+-------------------------------------------------+-----
Long Blades    | 3 4 5 6 8 10 11 12 14 15 17 18 | 18.9
Fighting       | 3 4 5 6 7 8 10 11 12 13 14 | 14.6
Translocations | 2 5 6 |  6.5
Dodging        | |  2.4

Action                   |  1- 3 |  4- 6 |  7- 9 | 10-12 | 13-15 | 16-18 || total
-------------------------+-------+-------+-------+-------+-------+-------++-------
Melee: Falchion          |   111 |   186 |   500 |       |       |       ||   797
       Scimitar          |       |       |    55 |   453 |   930 |       ||  1438
       Cutlass           |       |       |       |   189 |   218 |   344 ||   751
       Long sword        |       |       |       |       |    37 |       ||    37
 Cast: Blink             |       |       |       |       |     1 |       ||     1
Invok: Berserk           |       |     2 |     7 |    18 |    15 |     8 ||    50
       Trog's Hand       |       |       |     1 |     3 |     7 |       ||    11
       Brothers in Arms  |       |       |       |     3 |     2 |       ||     5
Evoke: Wand              |       |     1 |    13 |    31 |    46 |     2 ||    93
  Use: Scroll            |       |       |    10 |    16 |    24 |     3 ||    53
       Potion            |       |       |       |     6 |     5 |     1 ||    12
 Stab: Sleeping          |     1 |     1 |     4 |     1 |     1 |       ||     8
       Paralysed         |       |       |       |     4 |     9 |       ||    13
       Distracted        |       |       |       |       |     1 |       ||     1
  Eat: Chunk             |    15 |    14 |    40 |    77 |   117 |    20 ||   283
       Ration            |       |       |       |     3 |     3 |       ||     6
Armor: Animal skin       |    57 |    84 |   140 |       |       |       ||   281
       Robe              |       |       |    32 |   149 |       |       ||   181
       Troll leather arm |       |       |       |    48 |   200 |       ||   248
       Ice dragon scales |       |       |       |       |   203 |       ||   203
       Swamp dragon scal |       |       |       |       |   173 |    97 ||   270
Dodge: Dodged            |    78 |   114 |   287 |   256 |   481 |    67 ||  1283
Block: Other             |       |       |       |    70 |       |       ||    70
       Reflection        |       |       |       |     4 |       |       ||     4
       Rpst.: Falchion   |    31 |    35 |    85 |       |       |       ||   151
       Scimitar          |       |       |    12 |    50 |    98 |       ||   160
       Long sword        |       |       |       |       |     4 |       ||     4
